Map: Lightshade LE

Players

SortOf

  • Race: Zerg Zerg
  • League: Master
  • Spawn Location: 5:00

GOStephano (Stephano) - Winner!

  • Race: Zerg Zerg
  • League: Master
  • Spawn Location: 11:00

Event: DreamHack SC2 Masters 2020 Winter

VOD

Have the link to the VOD?

Description

Time

  • Played on: Oct. 14, 2020, 2:08 p.m.
  • Length: 8:35

All games in this series

Show
View Real Time Build Order
Export as new Build Order

SortOf Zerg 

Build Orders: Hatch First, Zergling Baneling 

Get SALT Encoding   

  12  0:00  Drone  
  13  0:12  Overlord  
  13  0:17  Drone  
  14  0:31  Drone x2  
  16  0:47  Hatchery  
  15  0:50  Drone  
  15  0:53  Drone  
  15  0:57  Drone  
  18  1:08  Extractor  
  17  1:12  Spawning Pool  
  17  1:15  Drone  
  17  1:18  Drone  
  18  1:28  Drone  
  19  1:41  Drone  
  20  1:54  Drone  
  20  1:59  Queen x2  
  20  2:00  Overlord  
  25  2:01  Zergling x2  
  26  2:09  Metabolic Boost  
  26  2:10  Drone  
  26  2:11  Drone  
  28  2:22  Drone x2  
  30  2:32  Hatchery  
  30  2:35  Zergling x2  
  30  2:39  Drone  
  31  2:44  Baneling Nest  
  31  2:45  Drone  
  31  2:48  Drone  
  32  2:55  Drone  
  32  2:56  Zergling x2  
  34  3:03  Overlord  
  34  3:10  Zergling x4  
  36  3:18  Overlord  
  36  3:24  Zergling x10  
  41  3:31  Baneling x2  
  41  3:35  Zergling x4  
  41  3:36  Baneling x3  
  41  3:39  Baneling  
  43  3:44  Zergling x4  
  44  3:50  Zergling x14  
  44  3:52  Baneling x2  
  50  4:01  Zergling x6  
  48  4:12  Overlord  
  48  4:13  Zergling x10  
  48  4:17  Baneling x2  
  51  4:27  Drone x2  
  51  4:28  Drone  
  51  4:29  Drone x4  
  50  4:38  Baneling x2  
  47  4:41  Zergling x6  
  50  4:50  Drone x2  
  49  4:54  Zergling x12  
  49  4:56  Baneling  
  54  5:01  Zergling x4  
  54  5:03  Baneling x2  
  54  5:04  Queen  
  54  5:06  Drone  
  57  5:14  Zergling x6  
  56  5:22  Zergling x4  
  56  5:26  Extractor  
  56  5:29  Roach Warren  
  56  5:30  Baneling x2  
  56  5:31  Drone x2  
  56  5:33  Drone  
  58  5:36  Extractor  
  58  5:39  Drone x3, Overlord  
  60  5:53  Overlord  
  59  6:11  Roach x8  
  72  6:14  Zergling x12  
  78  6:22  Roach x2  
  81  6:25  Zergling x2  
  78  6:33  Roach, Zergling x2  
  78  6:35  Zergling x2  
  78  6:38  Roach x2  
  77  6:40  Queen, Roach x2  
  77  6:45  Baneling  
  77  6:46  Baneling  
  79  6:48  Roach  
  79  6:51  Roach  
  67  6:54  Roach  
  67  6:56  Roach  
  67  7:00  Roach x2  
  67  7:01  Zergling x6  
  74  7:07  Roach  
  67  7:11  Roach  
  67  7:14  Roach  
  64  7:16  Zergling x2  
  64  7:19  Zergling x2  
  64  7:22  Zergling x2  
  62  7:29  Zergling x4  
  63  7:32  Zergling x2  
  63  7:33  Zergling x2  
  63  7:35  Zergling x2  
  63  7:39  Zergling x2  
  63  7:42  Zergling x2  
  56  7:46  Zergling x2  
  56  7:50  Zergling x2  
  54  7:54  Zergling x4  
  54  7:55  Ravager  
  54  8:00  Roach  
  54  8:05  Baneling x2  
  56  8:08  Roach  
  56  8:12  Roach x2  
  62  8:15  Baneling x2  
  62  8:16  Baneling  
Show
View Real Time Build Order
Export as new Build Order

GOStephano Zerg - Winner!

Build Orders: Hatch First 

Get SALT Encoding   

  12  0:00  Drone  
  13  0:12  Overlord  
  13  0:17  Drone  
  14  0:30  Drone x2  
  16  0:47  Hatchery  
  15  0:51  Drone  
  15  0:54  Drone  
  17  0:58  Drone  
  18  1:08  Extractor  
  17  1:13  Spawning Pool  
  17  1:16  Drone  
  17  1:19  Drone  
  18  1:27  Drone  
  19  1:39  Drone  
  20  1:49  Drone  
  21  1:59  Queen x2  
  21  2:00  Zergling x2  
  21  2:01  Drone  
  27  2:10  Overlord  
  27  2:11  Drone, Metabolic Boost  
  28  2:27  Hatchery  
  27  2:30  Drone  
  27  2:32  Drone  
  29  2:39  Queen  
  31  2:45  Drone x2  
  33  2:52  Overlord  
  33  2:59  Drone  
  34  3:07  Baneling Nest  
  34  3:10  Zergling x6  
  36  3:13  Zergling x8  
  36  3:14  Zergling x2  
  36  3:19  Zergling x4  
  43  3:26  Overlord  
  43  3:38  Drone  
  43  3:40  Drone x6  
  50  3:51  Drone x4  
  50  3:53  Drone  
  53  3:56  Drone  
  53  3:59  Drone  
  53  4:01  Drone  
  53  4:03  Baneling x2  
  52  4:10  Evolution Chamber, Extractor, Roach Warren, Zergling x2  
  50  4:17  Baneling  
  50  4:18  Baneling x2  
  50  4:20  Zergling x8  
  52  4:26  Zergling x4  
  52  4:28  Queen  
  52  4:33  Drone x4  
  56  4:41  Zergling x2  
  56  4:42  Baneling x2, Zergling x2  
  54  4:54  Zergling x10  
  54  4:57  Overlord x2  
  57  5:01  Baneling x2  
  57  5:06  Overlord  
  57  5:12  Queen  
  57  5:13  Overlord  
  56  5:15  Baneling x2  
  56  5:16  Baneling  
  56  5:19  Roach x4  
  59  5:25  Roach  
  59  5:26  Zergling x10  
  66  5:33  Roach  
  66  5:34  Roach  
  70  5:44  Roach x2  
  70  5:46  Roach  
  70  5:47  Zergling x14  
  83  6:01  Baneling x2  
  83  6:04  Zergling x2  
  83  6:05  Zergling x10  
  83  6:06  Queen  
  89  6:15  Overlord  
  89  6:18  Overlord  
  88  6:21  Overlord  
  88  6:22  Overlord  
  88  6:26  Roach  
  88  6:32  Overlord  
  88  6:33  Overlord  
  88  6:38  Roach x8  
  94  6:49  Zergling x2  
  94  6:50  Queen, Zergling x6  
  95  6:59  Roach  
  95  7:00  Roach x4  
  102  7:11  Roach x2  
  100  7:18  Baneling x2  
  100  7:19  Zergling x2  
  100  7:20  Zergling x10  
  93  7:23  Extractor  
  93  7:25  Roach  
  93  7:27  Baneling  
  93  7:31  Zergling x8  
  92  7:41  Roach x3  
  90  7:44  Zergling x2  
  90  7:45  Zergling x4  
  88  7:51  Roach x2  
  88  7:55  Roach  
  88  7:57  Zergling x6  
  94  8:04  Baneling x2  
  94  8:06  Zergling x12  
  94  8:10  Baneling x2  
  102  8:13  Roach  
Tags
 
Add a new tag
Caveats
  • Supply blocks, unpowered buildings, or Contaminate may cause inaccurate times.
  • Supply counts are checked every 10 seconds.